AoeStats
← soccergeeg

Black Forest

510030992Analyzed
2v2 RM · 4d ago on Sep 29, 2026· 83m 54s· 4 players
Game mode
Random Map
Map size
Medium (4 player)
Population
200
Speed
Normal
Resources
Standard
Victory
Conquest
Starting age
Dark Age
Ending age
Imperial Age
RankedLock teamsTeams togetherTeam positionsShared explorationLock speedFull tech treeHidden civsTurbo modeCheats
Victory
Defeat
🇺🇸 Bohemians · United States
703
+19
🇺🇸 Danes · United States
636
+22
🇨🇦 Teutons · Canada
782
-21
🇵🇦 Khitans · Panama
746
-20
Albast6718
0:27 Loom
13:25 Feudal Age
18:40 Castle Age
22:38 Double-Bit Axe
28:58 Horse Collar
30:55 Bow Saw
30:55 Gold Mining
32:39 Wheelbarrow
32:22 Heavy Plow
37:25 Imperial Age
37:26 Onager
41:26 Siege Onager
43:46 Masonry
43:49 Fortified Wall
44:04 Conscription
44:59 Ironclad
50:26 Two-Man Saw
50:25 Forging
50:21 Scale Barding Armor
51:07 Bloodlines
50:19 Cavalier
52:06 Iron Casting
52:33 Paladin
55:19 Chain Barding Armor
56:01 Blast Furnace
58:56 Crenellations
58:29 Fletching
61:05 Plate Barding Armor
Elcaifascefas
1:24 Loom
12:44 Feudal Age
14:34 Double-Bit Axe
18:58 Domestication
22:40 Castle Age
21:31 Scale Mail Armor
21:42 Forging
21:22 Fletching
24:03 Chain Mail Armor
24:50 Iron Casting
24:23 Gold Mining
26:28 Lamellar Armor
30:57 Imperial Age
32:11 Plate Mail Armor
33:47 Elite Liao Dao
58:18 Heavy Rocket Cart
FARTKNOXX
14:44 Feudal Age
15:41 Double-Bit Axe
16:06 Horse Collar
20:34 Castle Age
19:13 Stone Mining
23:32 Pikeman
25:58 Heavy Plow
26:09 Loom
29:38 Man-at-Arms
34:46 Imperial Age
32:57 Wheelbarrow
32:16 Town Watch
33:06 Gambesons
32:42 Man-at-Arms
33:34 Long Swordsman
34:16 Squires
34:49 Two-Handed Swordsman
35:31 Gold Mining
36:35 Bow Saw
36:48 Champion
39:17 Scale Mail Armor
39:27 Forging
53:21 Halberdier
55:32 Chain Mail Armor
55:53 Iron Casting
57:53 Plate Mail Armor
59:25 Blast Furnace
58:57 Hand Cart
71:13 Caravan
70:50 Capped Ram
71:45 Siege Ram
80:44 Northmen's Fury
80:52 Elite Jomsviking
soccergeeg
5:34 Loom
14:21 Feudal Age
18:39 Castle Age
17:57 Padded Archer Armor
18:23 Double-Bit Axe
18:22 Horse Collar
22:35 Pikeman
28:16 Wheelbarrow
29:43 Hand Cart
30:48 Heavy Plow
31:02 Bow Saw
35:29 Imperial Age
34:06 Chemistry
34:02 Squires
33:49 Arson
37:12 Two-Man Saw
35:44 Halberdier
38:23 Scale Mail Armor
38:34 Forging
42:44 Elite Hussite Wagon
43:47 Conscription
47:02 Murder Holes
50:08 Caravan
50:38 Coinage
50:19 Guilds
51:16 Houfnice
53:36 Fletching
54:03 Chain Mail Armor
54:33 Wagenburg Tactics
55:19 Bodkin Arrow
56:00 Iron Casting
55:56 Plate Mail Armor
55:42 Leather Archer Armor
58:48 Blast Furnace
61:16 Scale Barding Armor
64:25 Banking
65:33 Bombard Tower
64:59 Arrowslits
65:25 Fortified Wall
65:05 Guard Tower
65:26 Masonry
Connection lost

Rejoining the realm…

Still unreachable

The connection could not be restored.

Session expired

The server has moved on; the page needs a fresh start.